 Dungeon Crawl Stone Soup version 0.28-a0-1412-gf95308ed99 (webtiles) character file.

Game seed: 5918610471051252070

37 Deminshera the Vexing (level 3, -1/20 HPs)
             Began as a Deep Elf Arcane Marksman on Jan 7, 2022.
             Slain by an adder (5 damage)
             ... on level 2 of the Dungeon.
             The game lasted 00:01:52 (1819 turns).

Deminshera the Vexing (Deep Elf Arcane Marksman)    Turns: 1819, Time: 00:01:53

Health: -1/20      AC:  2    Str:  7    XL:     3   Next: 23%
Magic:  8/9        EV: 12    Int: 19    God:
Gold:   73         SH:  0    Dex: 15    Spells: 4/8 levels left

rFire   . . .      SeeInvis .   a - +0 shortbow
rCold   . . .      Faith    .   (shield currently unavailable)
rNeg    . . .      Spirit   .   d - +0 robe
rPois   .          Reflect  .   (no helmet)
rElec   .          Harm     .   (no cloak)
rCorr   .          Rampage  .   (no gloves)
Will    .....                   (no boots)
Stlth   +.........              (no amulet)
HPRegen 0.06/turn               (no ring)
MPRegen 0.11/turn               (no ring)

@: no status effects
A: no striking features
a: no special abilities


You were on level 2 of the Dungeon.
You visited 1 branch of the dungeon, and saw 2 of its levels.

You collected 73 gold pieces.

Inventory:

Hand Weapons
 a - a +0 shortbow (weapon)
Missiles
 c - 70 arrows (quivered ammo)
Armour
 d - a +0 robe (worn)
Scrolls
 f - a scroll of enchant armour {unknown}
 h - a scroll of immolation
 i - a scroll of vulnerability {unknown}
 j - a scroll of fog {unknown}
Potions
 b - a potion of curing {unknown}
 e - a potion of heal wounds {unknown}
 g - a potion of brilliance {unknown}


   Skills:
 - Level 0.7 Fighting
 - Level 2.6 Bows
 - Level 2.4 Dodging
 - Level 3.0 Spellcasting
 + Level 5.1 Hexes
 + Level 0.4 Fire Magic


You had 4 spell levels left.
You knew the following spells:

 Your Spells              Type           Power      Damage    Failure   Level
a - Slow                  Hex            88%        N/A       1%          1
b - Inner Flame           Hex/Fire       13%        N/A       14%         3

Your spell library contained the following spells:

 Spells                   Type           Power      Damage    Failure   Level
 Portal Projectile        Hex/Tloc       24%        N/A       16%         3
 Cause Fear               Hex            11%        N/A       19%         4


Dungeon Overview and Level Annotations

Branches:
Dungeon (2/15)

Altars:


Message History

You shoot an arrow. The arrow barely misses the adder.
The adder bites you.
You shoot an arrow. The arrow closely misses the adder.
The adder closely misses you. The adder barely misses you.
Fire: 74 arrows
Press: ? - help, Q - select action, (/) - cycle Shift-Dir - straight line, f/p - adder
Aim: an adder (severely wounded, 40% to hit)
You shoot an arrow. The arrow barely misses the adder.
The adder barely misses you. The adder bites you.
You are poisoned.
The adder poisons you!
Casting: Inner Flame (extremely dangerous; 14% risk of failure)
Confirm with . or Enter, or press ? or * to list all spells.
Aiming: Slow (safe; 1% risk of failure)
Press: ? - help, Shift-Dir - straight line, f/p - adder
Aim: an adder (severely wounded, chance to affect: 71%)
The adder seems to slow down.
You feel sick.
You feel sick.
You feel sick.
You feel sick.
You see here a hobgoblin skeleton.
You feel sick.
You feel sick.
You are no longer poisoned.
You see here a +0 dagger.
Fire: 73 arrows
Press: ? - help, Q - select action, (/) - cycle Shift-Dir - straight line, f/p - adder
Aim: an adder (severely wounded, slow, 40% to hit)
You shoot an arrow. The arrow closely misses the adder.
Fire: 72 arrows
Press: ? - help, Q - select action, (/) - cycle Shift-Dir - straight line, f/p - adder
Aim: an adder (severely wounded, slow, 40% to hit)
You shoot an arrow. The arrow barely misses the adder.
The adder bites you.
* * * LOW HITPOINT WARNING * * *
Fire: 71 arrows
Press: ? - help, Q - select action, (/) - cycle Shift-Dir - straight line, f/p - adder
Aim: an adder (severely wounded, slow, 40% to hit)
You shoot an arrow. The arrow barely misses the adder.
The adder bites you.
You die...

...##....# #...##.#..##.......
.........###......#..#######..
###.........).)###..## ##....
##...#####.### #...###..#..
#...# #.#.#.# #.......####
#...# #P#.#.# #.........#
#...# #.#.#b# #.........#
#...# #.#S#.# #.#.#####.#.
..#.# #P#@#.# #.#..######.
.##### #.###.# ####....# # ..
#PP..P# ##...# #######
#.###...# #.......# #####...#
#...# . #...# #..##...####


You could see an adder (slow).

Vanquished Creatures
  2 ball pythons
  3 endoplasms
  2 giant cockroaches
  3 goblins (D:2)
  5 hobgoblins
  3 jackals (D:2)
  A kobold (D:1)
  4 quokkas
  A bat (D:2)
  6 frilled lizards
  3 rats
33 creatures vanquished.

Notes
Turn   | Place    | Note
-------+----------+-------------------------------------------
     0 | D:1      | Deminshera the Deep Elf Arcane Marksman began the quest for
                  | the Orb.
     0 | D:1      | Reached XP level 1. HP: 11/11 MP: 5/5
   245 | D:1      | Reached XP level 2. HP: 16/16 MP: 7/7
   261 | D:1      | Found a faded altar of an unknown god.
  1309 | D:2      | Reached XP level 3. HP: 20/20 MP: 9/9
  1313 | D:2      | Learned a level 3 spell: Inner Flame
  1353 | D:2      | Reached skill level 5 in Hexes
  1819 | D:2      | Slain by an adder

Illustrated notes

Levels and vault maps discovered:
D:1:      lightli_arrival_farm, layout_loops_ring,
          hellmonk_ecumenical_altar_blasted
D:2:      layout_rooms, serial_aquarium, aquarium_bridge_square
          [aquarium_subvault_wall, aquarium_subvault_wall,
          aquarium_subvault_bridge, aquarium_subvault_window],
          aquarium_window_corridor_2, aquarium_window_2, aquarium_window_fake,
          aquarium_view_2c, aquarium_pool_side, serial_shops,
          nicolae_square_shop, kennysheep_jessica_study

Skill      XL: |  1  2  3 |
---------------+----------+-----
Spellcasting   | 2 3 |  3.0
Hexes          | 5 |  5.1
Fighting       | |  0.7
Bows           | |  2.6
Dodging        | |  2.4
Fire Magic     | |  0.4

Action                   || total
-------------------------++-------
 Fire: Shortbow          ||   113
 Cast: Slow              ||     3
Armor: Robe              ||     8
Dodge: Dodged            ||    28

Table legend: (Time is in decaauts)
 A = Elapsed time spent in this place.
 B = Non-inter-level travel time spent in this place.
 C = Inter-level travel time spent in this place.
 D = Time resting spent in this place.
 E = Time spent auto-exploring this place.
 F = Levels seen in this place.
 G = Mean time per level.
                   A        B        C        D        E       F      G
               +--------+--------+--------+--------+--------+-----+--------+
         Total |   1850 |   1796 |     54 |    713 |    820 |   2 |  925.0 |
       Dungeon |   1850 |   1796 |     54 |    713 |    820 |   2 |  925.0 |
               +--------+--------+--------+--------+--------+-----+--------+

Top non-repeatable levels by time:
     D:1: 1203 daAuts
     D:2: 647 daAuts
